 Dungeon Crawl Stone Soup version 0.25.1-2-g60ff931df9 (webtiles) character file.

Game seed: 9701249311019881568

917 Kaliet the Covered (level 7, -3/62 HPs)
             Began as a Minotaur Fighter on Nov 5, 2020.
             Killed by divine providence
             ... invoked by an orc priest
              (15 damage)
             ... on level 5 of the Dungeon.
             The game lasted 00:24:07 (3983 turns).

Kaliet the Covered (Minotaur Fighter)               Turns: 3983, Time: 00:24:07

Health: -3/62      AC: 14    Str: 23    XL:     7   Next: 83%
Magic:  6/6        EV: 13    Int:  5    God:
Gold:   144        SH: 10    Dex:  9    Spells: 6/6 levels left

rFire    . . .     SeeInvis .   u - +2 hand axe (freeze)
rCold    . . .     Gourm    .   c - +0 kite shield
rNeg     . . .     Faith    .   q - +0 plate armour
rPois    .         Spirit   .   (helmet restricted)
rElec    .         Reflect  .   x - +0 cloak
rCorr    .         Harm     .   (no gloves)
MR       .....                  (no boots)
Stlth    ..........             (no amulet)
HPRegen  0.20/turn              k - +4 ring of evasion
MPRegen  0.10/turn              y - +4 ring of evasion

@: no status effects
A: retaliatory headbutt, horns 2
a: no special abilities


You were on level 5 of the Dungeon.
You were not hungry.

You visited 1 branch of the dungeon, and saw 5 of its levels.

You collected 144 gold pieces.

Inventory:

Hand Weapons
 a - a +0 long sword
 j - a +0 halberd
 u - a +2 hand axe of freezing (weapon)
Armour
 c - a +0 kite shield (worn)
 q - a +0 plate armour (worn)
 r - a +1 robe of cold resistance
 x - a +0 cloak (worn)
Jewellery
 k - a +4 ring of evasion (left hand)
 y - a +4 ring of evasion (right hand)
Wands
 w - a wand of flame (14)
Scrolls
 b - 2 scrolls of enchant armour {unknown}
 e - 7 scrolls of teleportation {unknown}
 g - 2 scrolls of remove curse {unknown}
 i - 4 scrolls of identify
 l - a scroll of blinking {unknown}
 t - a scroll of fear {unknown}
 v - a scroll of immolation {unknown}
Potions
 d - a potion of might
 h - 2 potions of curing {unknown}
 m - a potion of heal wounds {unknown}
 n - 2 potions of mutation {unknown}
 o - a potion of resistance {unknown}
 p - a potion of degeneration {unknown}
 s - a potion of brilliance {unknown}
Comestibles
 f - 7 rations


   Skills:
 + Level 5.6 Fighting
 - Level 3.4 Long Blades
 + Level 5.2(5.3) Axes
 - Level 1.2(3.5) Polearms
 + Level 6.3 Armour
 + Level 2.0 Dodging
 + Level 6.0 Shields


You had 6 spell levels left.
You didn't know any spells.
Your spell library contained the following spells:

 Spells                   Type           Power        Failure   Level  Hunger
 Magic Dart               Conj           #...         100%        1    ##.....
 Blink                    Tloc           N/A          100%        2    ###....
 Call Imp                 Summ           #.......     100%        2    ###....
 Slow                     Hex            #.......     100%        2    ###....
 Confusing Touch          Hex            #.......     100%        3    ####...
 Conjure Flame            Conj/Fire      #.......     100%        3    ####...
 Gell's Gravitas          Tloc           #.........   100%        3    ####...
 Mephitic Cloud           Conj/Pois/Air  #.......     100%        3    ####...
 Petrify                  Tmut/Erth      #.......     100%        4    #####..
 Metabolic Englaciation   Hex/Ice        #.........   100%        5    ######.
 Yara's Violent Unravell  Hex/Tmut       #.........   100%        5    ######.


Dungeon Overview and Level Annotations

Branches:
Dungeon (5/15)             Temple (0/1) D:4

Altars:
Cheibriados
Dithmenos
Trog
Yredelemnul
Zin


Innate Abilities, Weirdness & Mutations

You reflexively headbutt those who attack you in melee.
You have a pair of horns on your head.


Message History

You hit the orc. You freeze the orc. You block the orc wizard's attack.
You closely miss the orc wizard. Your headbutt misses the orc wizard.
The orc wizard is severely wounded.
Your plate armour prevents you from hitting the orc wizard.
The orc priest calls down the wrath of Beogh upon you.
Beogh smites you!
* * * LOW HITPOINT WARNING * * *
The orc wizard hits you but does no damage. x2
You slash the orc wizard! You freeze the orc wizard.
You kill the orc wizard!
You hit the orc wizard. You freeze the orc wizard.
The orc wizard mumbles some strange words.
The orc wizard flickers and vanishes!
Deactivating autopickup; reactivate with Ctrl-A.
Something hits you but does no damage.
Things that are here:
a +0 dagger; a +0 robe; an orc corpse The orc priest calls down the wrath of Beogh upon you.
Beogh smites you!
You die...

# # # # #
########################
#.oo...@................
#)#############....#.###
...o #.####.# # #.⌠...⌠
#.# #.##. #....... ..#
#..#. #.⌠...⌠.# ..##
##... #.......# ### #..#
#.⌠...⌠.# ####..#
##......


You could see an orc priest and an orc.

Vanquished Creatures
  A water moccasin (D:4)
  A phantom (D:4)
  3 ogres
  A centaur (D:5)
  A howler monkey (D:4)
  A crimson imp (D:4)
  2 orc wizards (D:5)
  2 iguanas (D:4)
  2 worker ants (D:4)
  A gnoll (D:1)
  5 adders
  2 river rats (D:4)
  An ooze (D:1)
  2 worms
  2 dart slugs
  4 leopard geckos
  4 orcs (D:3)
  6 bats
  8 giant cockroaches
  6 goblins
  8 hobgoblins
  12 jackals
  6 kobolds
  A quokka (D:4)
  3 ball pythons
  2 frilled lizards
  A quokka skeleton (D:5)
  8 rats
96 creatures vanquished.

Notes
Turn   | Place    | Note
-------+----------+-------------------------------------------
     0 | D:1      | Kaliet the Minotaur Fighter began the quest for the Orb.
     0 | D:1      | Reached XP level 1. HP: 19/19 MP: 0/0
    22 | D:1      | Reached XP level 2. HP: 26/27 MP: 1/1
   299 | D:1      | Reached XP level 3. HP: 31/33 MP: 2/2
   719 | D:2      | Found a shadowy altar of Dithmenos.
   887 | D:2      | Reached XP level 4. HP: 40/40 MP: 3/3
  1207 | D:2      | Found a bloodstained altar of Trog.
  1207 | D:2      | Found a basalt altar of Yredelemnul.
  1485 | D:3      | Reached skill level 1 in Dodging
  1491 | D:3      | Reached skill level 1 in Polearms
  1993 | D:3      | Found a snail-covered altar of Cheibriados.
  2413 | D:4      | Found a glowing silver altar of Zin.
  2420 | D:4      | Reached XP level 5. HP: 44/47 MP: 4/4
  2597 | D:4      | Noticed an ogre
  2602 | D:4      | Noticed a water moccasin
  2605 | D:4      | Killed an ogre
  2605 | D:4      | Reached skill level 1 in Axes
  2605 | D:4      | Reached skill level 5 in Armour
  2605 | D:4      | Reached skill level 5 in Shields
  2605 | D:4      | Reached XP level 6. HP: 44/53 MP: 5/5
  2609 | D:4      | Killed a water moccasin
  2609 | D:4      | Reached skill level 5 in Fighting
  2917 | D:4      | Found a staircase to the Ecumenical Temple.
  3285 | D:4      | Reached XP level 7. HP: 53/61 MP: 6/6
  3751 | D:5      | Entered Level 5 of the Dungeon
  3963 | D:5      | Reached skill level 5 in Axes
  3983 | D:5      | Killed from afar by an orc priest

Illustrated notes

Levels and vault maps discovered:
D:1:      dpeg_arrival_tiny_a, layout_basic
D:2:      layout_rooms, gammafunk_temple_overflow_pools, first_ration,
          grunt_dithmenos_smoke
D:3:      layout_loops_corners, cheibriados_altar_1
D:4:      layout_loops_corners, lemuel_doored_altar,
          minmay_temple_entry_statues, serial_glass, glass_columns_a,
          glass_columns_c, portal_sewer_entry_e, roderic_serpentine_path
D:5:      layout_rooms, grunt_ministairs_3, minmay_misc_feat_cross

Skill      XL: |  1  2  3  4  5  6  7 |
---------------+----------------------+-----
Fighting       | 4 5 |  5.6
Shields        | 4 5 6 |  6.0
Armour         | 4 5 6 |  6.3
Long Blades    | 3 |  3.4
Dodging        | 1 2 |  2.0
Polearms       | 1 |  1.2
Axes           | 1 3 5 |  5.2

Action                   |  1- 3 |  4- 6 |  7- 9 || total
-------------------------+-------+-------+-------++-------
Melee: Long sword        |    91 |    48 |       ||   139
       Headbutt          |    12 |    16 |     4 ||    32
       Hand axe          |       |    69 |    37 ||   106
  Use: Scroll            |     1 |       |       ||     1
  Eat: Ration            |       |     2 |     1 ||     3
       Chunk             |       |     1 |       ||     1
Armor: Scale mail        |    45 |     2 |       ||    47
       Plate armour      |       |    51 |    22 ||    73
Dodge: Dodged            |    43 |    44 |    22 ||   109
Block: Kite shield       |    75 |    57 |    21 ||   153
       Rpst.: Long sword |    12 |     4 |       ||    16
